 Dungeon Crawl Stone Soup version 0.23-a0-49-gd9f7a49 (webtiles) character file.

160 KyrpaJooseppi the Conjurer (level 5, -1/41 HPs)
             Began as a Human Wizard on Aug 7, 2018.
             Slain by an orc
             ... wielding a +0 flail
              (7 damage)
             ... on level 3 of the Dungeon.
             The game lasted 00:08:47 (3237 turns).

KyrpaJooseppi the Conjurer (Human Wizard)           Turns: 3237, Time: 00:08:48

Health: -1/41      AC:  1    Str:  9    XL:     5   Next: 69%
Magic:  2/9        EV: 12    Int: 18    God:
Gold:   184        SH:  0    Dex: 11    Spells: 4/10 levels left

rFire    . . .     SeeInvis .   a - +0 whip (elec)
rCold    . . .     Gourm    .   (no shield)
rNeg     . . .     Faith    .   g - +0 robe
rPois    +         Spirit   .   r - +0 hat
rElec    .         Reflect  .   (no cloak)
rCorr    .         Harm     .   (no gloves)
MR       .....                  (no boots)
Stlth    ++........             (no amulet)
HPRegen  0.13/turn              (no ring)
MPRegen  0.11/turn              (no ring)

@: very slightly contaminated
A: blurry vision 1, deformed body, poison resistance
a: no special abilities


You were on level 3 of the Dungeon.
You were not hungry.

You visited 1 branch of the dungeon, and saw 4 of its levels.

You collected 184 gold pieces.

Inventory:

Hand Weapons
 a - a +0 whip of electrocution (weapon)
 b - a +0 hunting sling
 f - a +1 short sword of draining
Missiles
 s - 4 javelins (quivered)
Armour
 g - a +0 robe (worn)
 l - a +0 leather armour
 r - a +0 hat (worn)
Jewellery
 F - an uncursed ring of fire
Wands
 e - a wand of enslavement (16)
Scrolls
 h - 2 scrolls of fog
 j - a scroll of magic mapping {unknown}
 k - 2 scrolls of remove curse
 m - a scroll of amnesia {unknown}
 o - a scroll of teleportation {unknown}
Potions
 n - 2 potions of curing
 q - a potion of agility
Comestibles
 d - 4 rations


   Skills:
 - Level 3.2 Fighting
 - Level 2.0 Dodging
 - Level 2.0 Stealth
 - Level 3.0 Spellcasting
 - Level 3.2 Conjurations
   Level 1.0 Summonings
 - Level 1.0 Translocations
 + Level 1.4 Evocations


You had 4 spell levels left.
You knew the following spells:

 Your Spells              Type           Power        Failure   Level  Hunger
b - Blink                 Tloc           N/A          16%         2    ##.....
m - Mephitic Cloud        Conj/Pois/Air  #.......     32%         3    ###....
z - Magic Dart            Conj           ##..         4%          1    None

Your spell library contained the following spells:

 Spells                   Type           Power        Failure   Level  Hunger
 Conjure Flame            Conj/Fire      #.......     26%         3    ###....
 Slow                     Hex            #.......     24%         2    ##.....
 Teleport Other           Tloc           #.......     32%         3    ###....
 Call Imp                 Summ           #.......     16%         2    ##.....
 Passwall                 Tmut/Erth      #.......     24%         2    ##.....
 Petrify                  Tmut/Erth      #.......     85%         4    ####...
 Shroud of Golubria       Chrm/Tloc      #.........   21%         2    ##.....
 Beastly Appendage        Tmut           #.....       16%         1    None
 Disjunction              Tloc           #.........   100%        8    #######


Dungeon Overview and Level Annotations

Branches:
Dungeon (4/15)
 Temple: D:4-7

Altars:
Ashenzari
Fedhas
Kikubaaqudgha
Makhleb
Nemelex Xobeh
Trog
Yredelemnul

Annotations:
D:4 2 runed doors


Innate Abilities, Weirdness & Mutations

Scrolls take you a little longer to read.
Armour fits poorly on your strangely shaped body.
Your system is resistant to poisons. (rPois)


Message History

Casting: Mephitic Cloud (safe; 32% risk of failure)
Confirm with . or Enter, or press ? or * to list all spells.
Aiming: Mephitic Cloud (safe; 32% risk of failure)
Press: ? - help, Shift-Dir - straight line, f - orc
Aim: an orc, wielding a flail and wearing a ring mail (heavily wounded)
You miscast Mephitic Cloud.
You are very lightly contaminated with residual magic.
Your hair stands on end.
The orc barely misses you.
Casting: Mephitic Cloud (safe; 32% risk of failure)
Confirm with . or Enter, or press ? or * to list all spells.
Aiming: Mephitic Cloud (safe; 32% risk of failure)
Press: ? - help, Shift-Dir - straight line, f/p - orc
Aim: an orc, wielding a flail and wearing a ring mail (heavily wounded)
The ball explodes into a vile cloud!
The stinking cloud engulfs the orc.
The orc is heavily wounded.
The stinking cloud engulfs you!
The stinking cloud engulfs the orc.
The orc is severely wounded.
The orc is engulfed in noxious fumes.
The orc appears confused.
The orc hits you with a flail!
You die...

#.#######.###.# ###########.#####
#.....# #...............# ###)###
#.###..)........# #.#
##.##.#.#.#.####.# #.#
........##..# #.#####.######
............# #........<...#####
##..)...##.## #.#####.####......
#.(#.#.....# #@# ##...####.#.#.
##..##...##.# #o###.#.#.##.##.##
.(..#######.# #o##.##.....###'##
##.## #.# #...>.....###..... ##.#
#.# ######.#.##....... .#.### #[#
##.##..⌠.....
.....######.#############........
.#..........#.........####._.###.
##...#####..#.#..........#####.##


You could see 2 orcs.

Vanquished Creatures
  An orc priest (D:3)
  An orc wizard (D:3)
  3 gnolls (D:3)
  An adder (D:2)
  2 worms
  2 leopard geckos
  3 orcs
  9 bats
  2 bat zombies (D:3)
  5 giant cockroaches
  5 goblins
  6 hobgoblins
  5 jackals (D:3)
  A ball python (D:2)
  3 frilled lizards
  2 kobolds (D:2)
  4 rats
55 creatures vanquished.

Notes
Turn   | Place    | Note
-------+----------+-------------------------------------------
     0 | D:1      | KyrpaJooseppi the Human Wizard began the quest for the Orb.
     0 | D:1      | Reached XP level 1. HP: 13/13 MP: 4/4
   264 | D:1      | Reached XP level 2. HP: 19/19 MP: 1/6
   761 | D:2      | Reached XP level 3. HP: 24/24 MP: 4/7
   810 | D:2      | Gained mutation: Armour fits poorly on your strangely shaped body. [potion of mutation]
   810 | D:2      | Gained mutation: Scrolls take you a little longer to read. [potion of mutation]
   810 | D:2      | Gained mutation: Your system is resistant to poisons. (rPois) [potion of mutation]
  1118 | D:2      | Learned a level 3 spell: Mephitic Cloud
  1124 | D:2      | Learned a level 2 spell: Blink
  1432 | D:2      | Found a sparkling altar of Nemelex Xobeh.
  1432 | D:2      | Found a basalt altar of Yredelemnul.
  1548 | D:2      | Found a bloodstained altar of Trog.
  1801 | D:3      | Reached skill level 1 in Fighting
  1804 | D:3      | Reached XP level 4. HP: 16/33 MP: 2/8
  2268 | D:3      | Reached XP level 5. HP: 40/40 MP: 6/9
  2773 | D:3      | Found an ancient bone altar of Kikubaaqudgha.
  2794 | D:3      | Found a burning altar of Makhleb.
  2794 | D:3      | Found a blossoming altar of Fedhas.
  3002 | D:3      | Reached skill level 1 in Evocations
  3155 | D:4      | Found a shattered altar of Ashenzari.
  3186 | D:4      | Identified the Grimoire of Shifting Dislocation
  3188 | D:4      | Found a runed gate.
  3188 | D:4      | Found a runed gate.
  3227 | D:4      | Noticed an ogre
  3237 | D:3      | Slain by an orc

Vault maps used:
D:1:      dpeg_arrival_pond, hangedman_abyss_or_decor_lesser_grid
D:2:      grunt_temple_overflow_open, bloody_trog
D:3:      gammafunk_temple_overflow_pools, lemuel_zombie_altar_kikubaaqudgha,
          due_unseen_surprise
D:4:      nicolae_ashenzari_panopticon, overflow_temple_1_default,
          ebering_ghost_gozag, first_ration, corexii_shack, uniq_duvessa

Skill      XL: |  1  2  3  4  5 |
---------------+----------------+-----
Conjurations   | 2 3 |  3.2
Fighting       | 2 3 |  3.2
Evocations     | 1 |  1.4
Dodging        | |  2.0
Stealth        | |  2.0
Spellcasting   | |  3.0
Summonings     | |  1.0
Translocations | |  1.0

Action                   |  1- 3 |  4- 6 || total
-------------------------+-------+-------++-------
Melee: Dagger            |    39 |       ||    39
       Short sword       |    23 |    72 ||    95
       Whip              |       |     3 ||     3
Throw: Stone             |     6 |       ||     6
       Javelin           |       |     8 ||     8
 Cast: Magic Dart        |    42 |       ||    42
       Mephitic Cloud    |     4 |     6 ||    10
  Use: Potion            |     1 |       ||     1
       Scroll            |       |     5 ||     5
 Stab: Sleeping          |     1 |     1 ||     2
       Confused          |     1 |     1 ||     2
  Eat: Ration            |     1 |       ||     1
       Chunk             |       |     5 ||     5
Armor: Robe              |     7 |     9 ||    16
Dodge: Dodged            |    28 |    52 ||    80

Table legend:
 A = Spawn XP
 B = Non-spawn XP
 C = Spawn XP percentage of total XP
 D = Spawn monster count
 E = Non-spawn monster count
 F = Spawn count percentage of total count
 G = Total turns spent on level
                    A         B        C        D         E        F      G
               +---------+---------+-------+---------+---------+-------+---------
         Total |       0 |     229 |   0.0 |       0 |      55 |   0.0 |  3237
               +---------+---------+-------+---------+---------+-------+---------
           D:1 |       0 |      24 |   0.0 |       0 |      14 |   0.0 |   728
           D:2 |       0 |      40 |   0.0 |       0 |      14 |   0.0 |  1492
           D:3 |       0 |     165 |   0.0 |       0 |      27 |   0.0 |   931
               +---------+---------+-------+---------+---------+-------+---------
